 Dungeon Crawl Stone Soup version 0.21.1-1-g345015f (webtiles) character file.

12507 fanaticazov the Archer (level 11, -2/89 HPs)
             Began as a Centaur Hunter on May 27, 2018.
             Was a Priest of Hepliaklqana.
             Killed by divine providence
             ... invoked by an orc priest
              (11 damage)
             ... on level 10 of the Dungeon on July 18, 2018.
             The game lasted 01:18:17 (11676 turns).

fanaticazov the Archer (Centaur Hunter)            Turns: 11676, Time: 01:18:17

Health: -2/89      AC:  8    Str: 16    XL:     11   Next: 63%
Magic:  0/18       EV: 10    Int: 10    God:    Hepliaklqana [***...]
Gold:   466        SH:  0    Dex: 10    Spells: 22/22 levels left

rFire    . . .     SeeInvis .   b - +4 trident
rCold    . . .     Gourm    .   (no shield)
rNeg     . . .     Faith    .   c - +0 leather armour
rPois    +         Spirit   +   o - +0 helmet
rElec    .         Reflect  .   i - scarf {Spirit}
rCorr    .         Harm     .   J - +0 pair of gloves
MR       +....                  (no barding)
Stlth    +.........             (no amulet)
HPRegen  0.24/turn              B - ring of poison resistance
MPRegen  0.16/turn              r - ring of protection from magic

@: very quick
A: large, reduced essence, hooves 3, slimy green scales 1, clumsy 1, deformed
body, speed 2, low mp 1, tough skin 3
a: Recall Ancestor, Ancestor Identity, Transference, Renounce Religion


You were on level 10 of the Dungeon.
You worshipped Hepliaklqana.
Hepliaklqana was most pleased with you.
You were very hungry.

You visited 2 branches of the dungeon, and saw 11 of its levels.

You collected 466 gold pieces.

Inventory:

Hand Weapons
 a - a +1 shortbow
 b - a +4 trident (weapon)
 A - a +1 whip of freezing
Missiles
 u - 11 javelins (quivered)
Armour
 c - a +0 leather armour (worn)
 i - a scarf of spirit shield (worn)
 o - a +0 helmet (worn)
 J - a +0 pair of gloves (worn)
Jewellery
 r - a ring of protection from magic (right hand)
 B - a ring of poison resistance (left hand)
 C - an uncursed ring of fire
Wands
 q - a wand of paralysis (11)
 H - a wand of random effects (30)
Scrolls
 g - 2 scrolls of noise {unknown}
 h - a scroll of enchant weapon {unknown}
 j - 4 scrolls of random uselessness {unknown}
 l - 4 scrolls of remove curse
 p - a scroll of fear {unknown}
 t - 6 scrolls of teleportation {unknown}
 v - a scroll of fog {unknown}
 y - 2 scrolls of amnesia {unknown}
 D - 2 scrolls of enchant armour
 E - 3 scrolls of magic mapping {unknown}
 I - a scroll of summoning {unknown}
Potions
 k - 4 potions of curing
 m - a potion of brilliance
 n - a potion of heal wounds
 s - a potion of haste {unknown}
 w - a potion of berserk rage {unknown}
 x - a potion of agility {unknown}
 z - 2 potions of resistance
 F - 2 potions of might
 G - a potion of lignification {unknown}
Books
 e - a book of Misfortune

   Spells                             Type                      Level
   a - Confusing Touch                Hexes                        1
   b - Confuse                        Hexes                        3
   c - Gell's Gravitas                Translocation                3
   d - Petrify                        Transmutation/Earth          4
   e - Metabolic Englaciation         Hexes/Ice                    5
   f - Yara's Violent Unravelling     Hexes/Transmutation          5
Comestibles
 f - 11 rations


   Skills:
 + Level 10.0 Fighting
 + Level 3.4 Polearms
 + Level 13.3 Bows
 - Level 3.2 Dodging
 - Level 0.4 Stealth
 - Level 6.0 Spellcasting
 + Level 4.2 Invocations
 - Level 8.0 Evocations


You had 22 spell levels left.
You didn't know any spells.

Dungeon Overview and Level Annotations

Branches:
Dungeon (10/15)            Temple (1/1) D:6             Orc (0/2) D:10
   Lair: D:8-11

Altars:
Dithmenos
Gozag
Hepliaklqana
Qazlal
Ru
Vehumet
Zin
The Shining One


Innate Abilities, Weirdness & Mutations

You have hooves in place of feet.
Armour fits poorly on your strangely shaped body.
You cover ground very quickly.
You have extremely tough skin. (AC +3)
Your life essence is reduced to manifest your ancestor. (-10% HP)
You are partially covered in slimy green scales. (AC +2)
You are clumsy. (Dex -2)
Your magical capacity is low. (-10% MP)


Message History

The orc priest is lightly wounded.
Appius blocks the orc's attack.
The orc priest hits Appius but does no damage.
The water moccasin barely misses Appius.
Appius barely misses the water moccasin.
Attack whom?
Press: ? - help, Dir - move target cursor, f/p - orc priest
Aim: an orc priest, wielding a hand axe and wearing a scale mail (lightly wounded)
You could not reach far enough!
The water moccasin bites Appius.
The orc priest zaps a wand.
The bolt of acid hits Appius.
Appius is splashed with acid.
The bolt of acid hits you!
* * * LOW HITPOINT WARNING * * *
You are splashed with acid!
The acid burns!
* * * LOW HITPOINT WARNING * * *
It is a wand of acid (7).
Appius blocks the orc's attack.
Appius blocks the water moccasin's attack.
Appius hits the water moccasin with a flail.
The orc priest invokes the aid of Beogh against you.
Beogh smites you!
You die...

.####..###..# R####..#
#>.### .......
.##....###....# .......
.##.#...##..#.### .......
................# .......
≈≈≈≈≈≈≈≈≈≈≈≈≈≈≈.# .......
≈≈≈≈≈≈≈≈≈≈≈≈≈≈≈.##.......
#############≈≈.†#o......
..........≈(#≈≈.@RS......
..........###≈≈.##o......
.8)........>#≈≈.# .......
.)).......###≈≈.# .....>(
..).......≈)#≈≈.# ..<....
#############≈≈.# .......
≈≈≈≈≈≈≈≈≈ ≈≈≈. .......
≈≈≈≈≈≈≈≈≈ ≈≈≈≈. .......
.........


You could see the friendly Appius the knight, a water moccasin, an orc priest
and an orc.

Vanquished Creatures
  The ghost of tminei the Skirmisher, a novice TrBe of Trog (D:9)
  Psyche (D:9)
  Prince Ribbit (D:5)
  2 hippogriffs (D:10)
  Sigmund (D:2)
  5 yaks
  An ice beast (D:6)
  An orc warrior (D:4)
  4 sky beasts
  A black bear (D:9)
  2 phantoms (D:4)
  3 ogres
  A centaur (D:6)
  A bullfrog (D:6)
  2 scorpions
  A water moccasin skeleton (D:4)
  A killer bee (D:6)
  3 howler monkeys
  10 wights
  3 electric eels (D:10)
  6 crimson imps
  A quasit (D:6)
  2 centaur skeletons (D:7)
  3 hounds
  11 orc priests
  Natasha (D:2)
  3 iguanas
  6 orc wizards
  7 worker ants
  A hound skeleton (D:6)
  A worker ant zombie (D:9)
  Robin (D:4)
  3 gnolls (D:5)
  6 adders
  2 shadow imps
  An ooze (D:3)
  An adder zombie (D:5)
  3 adder skeletons
  A worm (D:3)
  A dart slug (D:3)
  3 leopard geckos
  43 orcs
  7 bats
  7 giant cockroaches
  15 goblins
  8 hobgoblins
  8 jackals
  7 quokkas
  A ball python (D:4)
  A ball python skeleton (D:5)
  5 frilled lizards
  A jackal skeleton (D:4)
  A jackal zombie (D:5)
  7 kobolds
  A leopard gecko skeleton (D:5)
  3 rats
224 creatures vanquished.

Vanquished Creatures (collateral kills)
  2 two-headed ogres (D:8)
  An unseen horror (D:10)
  A troll (D:9)
  A merfolk (D:9)
  5 yaks
  A water moccasin (D:10)
  2 orc warriors (D:10)
  An ogre (D:8)
  A bullfrog (D:7)
  A scorpion (D:8)
  9 wights
  A howler monkey (D:10)
  A bullfrog skeleton (D:10)
  A hound (D:7)
  2 orc priests
  2 orc wizards (D:10)
  An adder (D:7)
  10 orcs
  A jackal (D:7)
44 creatures vanquished.

Vanquished Creatures (others)
  3 knights
  A quokka (D:10)
4 creatures vanquished.

Grand Total: 272 creatures vanquished

Notes
Turn   | Place    | Note
-------+----------+-------------------------------------------
     0 | D:1      | fanaticazov the Centaur Hunter began the quest for the Orb.
     0 | D:1      | Reached XP level 1. HP: 17/17 MP: 1/1
   177 | D:1      | Reached XP level 2. HP: 11/24 MP: 2/2
  1811 | D:3      | Reached XP level 3. HP: 17/30 MP: 3/3
  2133 | D:3      | Reached skill level 6 in Bows
  2276 | D:3      | Reached XP level 4. HP: 31/37 MP: 2/4
  2335 | D:3      | Found a stormy altar of Qazlal.
  2448 | D:3      | Noticed a hippogriff
  2571 | D:2      | Reached XP level 5. HP: 41/45 MP: 5/5
  2635 | D:2      | Noticed Sigmund
  2670 | D:2      | Killed Sigmund
  2670 | D:2      | Reached skill level 7 in Bows
  2670 | D:2      | Reached XP level 6. HP: 15/52 MP: 2/6
  3407 | D:2      | Found an opulent altar of Gozag.
  3407 | D:2      | Noticed Natasha
  3413 | D:2      | Killed Natasha
  3884 | D:4      | Reached XP level 7. HP: 58/60 MP: 7/7
  3942 | D:4      | Reached skill level 5 in Fighting
  3942 | D:4      | Reached skill level 8 in Bows
  4175 | D:4      | Noticed Robin
  4189 | D:4      | Killed Robin
  4485 | D:4      | Reached skill level 9 in Bows
  4865 | D:5      | Entered Level 5 of the Dungeon
  4925 | D:5      | Reached XP level 8. HP: 70/70 MP: 6/8
  5134 | D:5      | Noticed Prince Ribbit
  5452 | D:5      | Gained mutation: You are clumsy. (Dex -2) [potion of mutation]
  5452 | D:5      | Gained mutation: Your magical capacity is low. (-10% MP) [potion of mutation]
  5452 | D:5      | Gained mutation: You are partially covered in slimy green scales. (AC +2) [potion of mutation]
  5580 | D:5      | Killed Prince Ribbit
  5580 | D:5      | Reached skill level 10 in Bows
  5931 | D:6      | Found a radiant altar of Vehumet.
  5994 | D:6      | Reached skill level 11 in Bows
  6069 | D:6      | Reached XP level 9. HP: 57/81 MP: 4/8
  6642 | D:6      | Found a staircase to the Ecumenical Temple.
  6658 | Temple   | Entered the Ecumenical Temple
  6699 | Temple   | Became a worshipper of Hepliaklqana the Forgotten
  6778 | D:6      | Found a stormy altar of Qazlal.
  6784 | D:6      | Reached skill level 1 in Evocations
  7294 | D:7      | Reached skill level 12 in Bows
  7342 | D:7      | Reached * piety under Hepliaklqana
  7346 | D:7      | Reached skill level 5 in Spellcasting
  7346 | D:7      | Reached XP level 10. HP: 81/81 MP: 9/16
  7966 | D:8      | Found a sacrificial altar of Ru.
  7966 | D:8      | Found a glowing golden altar of the Shining One.
  8090 | D:8      | Noticed a two-headed ogre
  8100 | D:8      | Noticed a two-headed ogre
  8101 | D:8      | Killed a two-headed ogre
  8118 | D:8      | Killed a two-headed ogre
  8316 | D:8      | Reached ** piety under Hepliaklqana
  8318 | D:8      | Remembered your ancestor Appius as a knight
  8821 | D:9      | Reached XP level 11. HP: 87/87 MP: 16/18
  8834 | D:9      | Reached skill level 1 in Invocations
  8931 | D:9      | Reached skill level 1 in Polearms
  9027 | D:9      | Noticed tminei's ghost (novice TrBe)
  9458 | D:10     | Entered Level 10 of the Dungeon
  9495 | D:9      | Killed tminei's ghost
  9665 | D:9      | Reached *** piety under Hepliaklqana
  9759 | D:9      | Noticed Psyche
  9766 | D:9      | Killed Psyche
  9766 | D:9      | Reached skill level 13 in Bows
 11111 | D:10     | Found a staircase to the Orcish Mines.
 11467 | D:10     | Killed an unseen horror
 11467 | D:10     | Reached skill level 10 in Fighting
 11676 | D:10     | Killed from afar by an orc priest

Skill      XL: |  1  2  3  4  5  6  7  8  9 10 11 |
---------------+----------------------------------+-----
Dodging        | 2 3 |  3.2
Bows           | 6 7 9 11 12 13 | 13.3
Fighting       | 3 4 6 8 9 10 | 10.0
Evocations     | 7 8 |  8.0
Spellcasting   | 5 6 |  6.0
Invocations    | 4 |  4.2
Polearms       | 3 |  3.4
Stealth        | |  0.4

Action                   |  1- 3 |  4- 6 |  7- 9 | 10-12 || total
-------------------------+-------+-------+-------+-------++-------
Melee: Short sword       |   103 |       |       |       ||   103
       Kick              |    10 |    10 |    32 |    32 ||    84
       Whip              |       |    53 |   124 |    28 ||   205
       Trident           |       |       |       |   207 ||   207
 Fire: Shortbow          |    86 |    97 |   298 |   169 ||   650
Throw: Javelin           |       |       |       |     1 ||     1
Invok: Recall Ancestor   |       |       |     1 |     9 ||    10
       Ancestor Life: Kn |       |       |       |     1 ||     1
Evoke: Wand              |       |       |       |     7 ||     7
  Use: Scroll            |       |       |     8 |     1 ||     9
       Potion            |       |       |     4 |     1 ||     5
 Stab: Paralysed         |       |       |       |    13 ||    13
       Distracted        |       |       |       |     2 ||     2
  Eat: Chunk             |     3 |     4 |     8 |    11 ||    26
Armor: Leather armour    |    68 |    19 |    50 |    61 ||   198
Dodge: Dodged            |    62 |    30 |    79 |    90 ||   261
